 Dungeon Crawl Stone Soup version 0.26-a0-1040-gbe3abf3417 (webtiles) character file.

Game seed: 18349280537384125242

71037 ruwin the Thaumaturge (level 14, 0/113 HPs)
             Began as a Grey Draconian Conjurer on Dec 11, 2020.
             Was a High Priest of Sif Muna.
             Splashed by a goliath frog's acid (10 damage)
             ... on level 1 of the Swamp on Dec 12, 2020.
             The game lasted 02:35:11 (32430 turns).

ruwin the Thaumaturge (Grey Draconian Conjurer)    Turns: 32430, Time: 02:35:12

Health: 0/113      AC: 11    Str:  9    XL:     14   Next: 96%
Magic:  22/39      EV: 15    Int: 24    God:    Sif Muna [*****.]
Gold:   1790       SH:  6    Dex: 10    Spells: 0/38 levels left

rFire    . . .     SeeInvis +   A - staff of conjuration
rCold    . . .     Faith    +   z - +0 buckler
rNeg     . . .     Spirit   .   (armour unavailable)
rPois    .         Reflect  .   (helmet restricted)
rElec    .         Harm     .   (no cloak)
rCorr    .         Rampage  .   e - +2 pair of gloves
Will     +....                  b - +2 pair of boots
Stlth    ++........             y - amulet of faith
HPRegen  0.28/turn              i - ring of magical power
MPRegen  0.26/turn              d - ring of see invisible

@: corroded
A: walk through water, unfitting armour, unbreathing, cold-blooded, AC +13
a: Channel Magic, Forget Spell, Divine Exegesis, Renounce Religion


You were on level 1 of the Swamp.
You worshipped Sif Muna.
Sif Muna was extremely pleased with you.
You visited 6 branches of the dungeon, and saw 24 of its levels.
You also visited: Sewer and Ice Cave.

You collected 2738 gold pieces.
You spent 948 gold pieces at shops.

Inventory:

Hand Weapons
 D - a +0 whip of venom
 K - the +6 quarterstaff "Cimege" {holy, Stlth+}
   (You found it on level 6 of the Lair of Beasts)

   It has been blessed by the Shining One to cause great damage to the undead
   and demons.
   It makes you more stealthy.
Missiles
 g - 10 javelins
Armour
 b - a +2 pair of boots (worn)
 e - a +2 pair of gloves (worn)
 r - a +0 kite shield
 z - a +0 buckler (worn)
Magical Staves
 o - an uncursed staff of fire
 A - an uncursed staff of conjuration (weapon)
 M - an uncursed staff of poison
Jewellery
 c - an uncursed amulet of the acrobat
 d - a ring of see invisible (right hand)
 i - a ring of magical power (left hand)
 m - an uncursed amulet of guardian spirit
 v - an uncursed amulet of reflection
 y - an amulet of faith (around neck)
Wands
 x - a wand of iceblast (28)
 C - a wand of flame (40)
 N - a wand of digging (6)
Scrolls
 a - 6 scrolls of amnesia
 j - a scroll of blinking
 n - 9 scrolls of remove curse
 t - a scroll of teleportation
 u - a scroll of identify
 F - a scroll of enchant armour
 O - a scroll of enchant weapon
Potions
 f - a potion of cancellation
 h - 7 potions of might
 k - 4 potions of heal wounds
 l - 7 potions of lignification
 p - 3 potions of flight
 q - 10 potions of curing
 s - a potion of berserk rage
 w - a potion of attraction
 B - 3 potions of brilliance
 I - a potion of haste
Miscellaneous
 H - a phantom mirror
 L - a tin of tremorstones (2/2)


   Skills:
 - Level 7.4 Fighting
 - Level 0.9 Short Blades
 - Level 6.7 Dodging
 - Level 2.4 Stealth
 + Level 9.4 Shields
 + Level 12.9 Spellcasting
 + Level 12.8 Conjurations
 - Level 4.5 Hexes
 + Level 0.5 Summonings
 - Level 7.1 Translocations
 - Level 6.3 Transmutations
 - Level 6.0 Fire Magic
 - Level 6.0 Invocations
 - Level 3.0 Evocations


You couldn't memorise any spells.
You knew the following spells:

 Your Spells              Type           Power        Failure   Level
a - Magic Dart            Conj           ####         1%          1
b - Searing Ray           Conj           ######       1%          2
c - Dazzling Flash        Conj/Hex       ######       1%          3
d - Beastly Appendage     Tmut           #####.       1%          1
e - Iskenderun's Mystic   Conj/Tloc      #######.     1%          4
f - Fulminant Prism       Conj/Hex       ######....   1%          4
g - Ensorcelled Hibernat  Hex/Ice        ####..       2%          2
h - Blade Hands           Tmut           #####.....   9%          5
i - Fireball              Conj/Fire      ######....   2%          5
j - Sticky Flame          Conj/Fire      ######..     1%          4
k - Spellforged Servitor  Conj/Summ      ######....   91%         7

Your spell library contained the following spells:

 Spells                   Type           Power        Failure   Level
 Apportation              Tloc           #####.       1%          1
 Corona                   Hex            #####..      1%          1
 Foxfire                  Conj/Fire      ####         1%          1
 Wereblood                Tmut           #####...     1%          2
 Confusing Touch          Hex            #####...     1%          3
 Conjure Flame            Conj/Fire      ######..     1%          3
 Inner Flame              Hex/Fire       #####...     1%          3
 Tukima's Dance           Hex            #####...     1%          3
 Summon Small Mammal      Summ           ###.         3%          1
 Spider Form              Tmut/Pois      ####......   3%          3
 Animate Skeleton         Necr           ###...       4%          1
 Pain                     Necr           ###.         4%          1
 Poisonous Vapours        Pois/Air       ###...       6%          2
 Bolt of Magma            Conj/Fire/Erth ######....   9%          5
 Ice Form                 Ice/Tmut       ####....     11%         4
 Vampiric Draining        Necr           ###.......   12%         3
 Leda's Liquefaction      Hex/Erth       ####......   16%         4
 Alistair's Intoxication  Tmut/Pois      ####.....    30%         5
 Airstrike                Air            ###.......   36%         4
 Animate Dead             Necr           ###.......   36%         4
 Iron Shot                Conj/Erth      ######....   41%         6
 Agony                    Necr           ###.....     73%         5
 Statue Form              Tmut/Erth      ####.....    86%         6
 Shadow Creatures         Summ           N/A          99%         6
 Malign Gateway           Summ/Tloc      ####......   100%        7
 Monstrous Menagerie      Summ           ###.......   100%        7
 Discord                  Hex            #####.....   100%        8
 Ignition                 Fire           #####.....   100%        8
 Shatter                  Erth           ###.......   100%        9


Dungeon Overview and Level Annotations

Branches:
Dungeon (13/15)            Temple (1/1) D:4            Lair (6/6) D:11
  Swamp (1/4) Lair:2       Spider (0/4) Lair:3        Slime (0/5) Lair:6
    Orc (2/2) D:11            Elf (1/3) Orc:2         Sewer (visited)
  IceCv (visited)
 Vaults: D:13-14

Altars:
Ashenzari
Cheibriados
Dithmenos
Elyvilon
Fedhas
Gozag
Hepliaklqana
Kikubaaqudgha
Makhleb
Nemelex Xobeh
Okawaru
Qazlal
Ru
Sif Muna
Trog
Uskayaw
Vehumet
Wu Jian
Xom
Yredelemnul
Zin
The Shining One
Beogh
Jiyva

Shops:
D:5 ?}:   Orc:1 [*(   Orc:2 *?*[

Annotations:
D:9 exclusion: oklob plant
D:12 Azrael; Josephine
Lair:4 exclusion: 2 oklob plants
Lair:5 3 runed translucent doors, exclusion: 3 doors, Ypehuijo's ghost, journeyman OpFi
Lair:6 3 runed translucent doors, exclusion: 3 doors, dolemite99's ghost, journeyman HOGl; pkoi's ghost, journeyman MiMo
Orc:2 elf


Innate Abilities, Weirdness & Mutations

You can walk through water.
Your dull iron-grey scales are very hard. (AC +13)
You cannot fit into any form of body armour.
You can survive without breathing.
You are cold-blooded and may be slowed by cold attacks.


Message History

The mystic blast hits the swamp worm!
You kill the swamp worm!
Sif Muna accepts your kill.
You are engulfed in spectral mist.
* * * LOW HITPOINT WARNING * * *
The goliath frog hits you from afar!
* * * LOW HITPOINT WARNING * * *
You are splashed with acid.
* * * LOW HITPOINT WARNING * * *
Unknown command.
Okay, then.
Unknown command.
You feel much better.
You are engulfed in spectral mist.
* * * LOW HITPOINT WARNING * * *
The ghost crab breathes spectral mist at you.
The spectral mist engulfs you but does no damage.
The goliath frog hits you from afar!
* * * LOW HITPOINT WARNING * * *
The acid corrodes you!
You are splashed with acid!
You die...

♣...♣ ♣.≈♣≈≈≈☼.
♣....♣♣.≈≈≈.≈≈≈
♣≈≈≈.≈.≈.≈≈≈≈≈≈
♣♣.§≈≈≈.w..°.Z≈.
♣..≈.≈.<≈♣.♣t≈≈.
♣.≈≈≈≈RF°Z§☼§..♣
♣.≈≈§≈F§§§☼≈..♣
≈.≈≈≈≈≈○§☼§≈≈♣♣
≈..≈≈♣Z○@§§≈.♣
...≈.≈☼○☼♣§.♣♣
....≈≈♣♣○☼.♣♣
>≈≈... ≈§≈.♣
...≈≈≈ .≈[.♣
.≈≈. ♣♣≈.♣♣ ♣≈♣
.≈≈♣ ♣≈.♣


You could see an eleionoma, a tyrant leech, a ghost crab, a spectral
seven-headed hydra (summoned), a spectral swamp dragon (summoned), a spectral
spriggan druid (summoned) and 2 goliath frogs.

Vanquished Creatures
  An orc warlord (Orc:2)
  4 hydras
  Erolcha (D:11)
  2 ice dragons (IceCv)
  A two-headed ogre (D:10)
  2 tengu warriors
  An ogre mage (D:10)
  A centaur warrior (D:10)
  2 orc high priests (Orc:2)
  Nergalle (Orc:1)
  Urug (Orc:1)
  A skeletal warrior (D:13)
  A deep elf archer (Elf:1)
  3 deep elf magi (Elf:1)
  10 orc sorcerers (Orc:2)
  2 orc knights
  An ugly thing (D:11)
  11 elephants
  2 cyclopes
  2 oklob plants (D:11)
  5 black mambas
  A manticore (D:12)
  2 centaur zombies
  2 ice statues (IceCv)
  2 torpor snails
  20 cane toads
  4 rime drakes
  3 komodo dragons (Lair:6)
  8 trolls
  5 polar bears
  A hornet (D:11)
  6 tyrant leeches
  Prince Ribbit (D:6)
  9 dream sheep
  33 blink frogs
  Sigmund (D:6)
  2 redbacks (Lair:3)
  2 wraiths
  A basilisk (Lair:6)
  2 wyverns
  5 vampire mosquitoes (Lair:6)
  22 yaks
  Eustachio (D:5)
  A fire elemental (D:12)
  A steam dragon (D:9)
  2 wargs (Orc:2)
  13 water moccasins
  A swamp worm (Swamp:1)
  A hell hound (D:11)
  17 ice beasts
  4 black bears
  3 phantoms
  3 sky beasts
  22 orc warriors
  An eye of draining (D:11)
  11 wolves
  8 ogres
  3 necrophages
  6 centaurs
  21 bullfrogs
  A wyvern zombie (D:8)
  A gnoll sergeant (D:8)
  5 scorpions
  A wyvern skeleton (D:9)
  16 wights
  5 electric eels
  2 howler monkeys (D:7)
  2 bullfrog zombies
  2 jellies (D:6)
  A quasit (D:10)
  A gnoll shaman (D:9)
  2 hounds
  3 centaur skeletons
  17 orc priests
  11 worker ants
  2 iguanas
  31 orc wizards
  A hound zombie (D:8)
  2 hound skeletons
  3 worker ant zombies
  10 adders
  3 howler monkey skeletons
  15 gnolls
  3 river rats (D:4)
  3 shadow imps
  16 white imps
  3 ufetubi (D:9)
  3 oozes
  2 adder skeletons
  An adder zombie (D:5)
  3 worms
  7 dart slugs (D:4)
  5 leopard geckos
  48 orcs
  3 ball pythons (Sewer)
  4 giant cockroaches
  4 goblins
  9 hobgoblins
  9 jackals
  8 kobolds
  A quokka (D:10)
  6 bats
  7 frilled lizards
  A leopard gecko skeleton (D:5)
  26 rats
  A bush (Lair:6)
  A fulminant prism (D:12)
617 creatures vanquished.

Vanquished Creatures (others)
  A bloated husk (Swamp:1)
  A bullfrog zombie (D:12)
  A bush (Lair:3)
  6 fulminant prisms
  46 fungi
  117 plants
  6 withered plants (Lair:6)
178 creatures vanquished.

Grand Total: 795 creatures vanquished

Notes
Turn   | Place    | Note
-------+----------+-------------------------------------------
     0 | D:1      | ruwin the Draconian Conjurer began the quest for the Orb.
     0 | D:1      | Reached XP level 1. HP: 14/14 MP: 3/3
   243 | D:1      | Reached XP level 2. HP: 20/20 MP: 1/5
   367 | D:1      | Learned a level 2 spell: Searing Ray
   587 | D:1      | Reached XP level 3. HP: 26/26 MP: 3/6
  1015 | D:2      | Found a snail-covered altar of Cheibriados.
  1027 | D:2      | Learned a level 3 spell: Dazzling Flash
  1065 | D:2      | Reached skill level 5 in Conjurations
  1065 | D:2      | Reached XP level 4. HP: 28/33 MP: 0/7
  1333 | D:2      | Learned a level 1 spell: Beastly Appendage
  2483 | D:3      | Found an ancient bone altar of Kikubaaqudgha.
  3030 | D:3      | Reached XP level 5. HP: 38/38 MP: 9/9
  3154 | D:4      | Noticed an ogre
  3326 | D:4      | Found a glowing drain.
  3451 | Sewer    | Entered a sewer
  4326 | D:4      | Found a staircase to the Ecumenical Temple.
  4336 | D:4      | Reached XP level 6. HP: 38/45 MP: 11/11
  4356 | Temple   | Entered the Ecumenical Temple
  4491 | Temple   | Became a worshipper of Sif Muna the Loreminder
  4681 | D:4      | Found a hazy altar of Hepliaklqana.
  4864 | D:4      | Learned a level 4 spell: Iskenderun's Mystic Blast
  4894 | D:5      | Entered Level 5 of the Dungeon
  4894 | D:5      | Found Lieraoc's Gadget Boutique.
  4894 | D:5      | Found Jeff's Magic Scroll Shop.
  4940 | D:5      | Noticed Eustachio
  4955 | D:5      | Killed Eustachio
  5074 | D:5      | Your scales start taking on a dull iron-grey colour.
  5074 | D:5      | Reached XP level 7. HP: 45/50 MP: 14/14
  5074 | D:5      | Gained mutation: You can survive without breathing. [Grey
                  | Draconian growth]
  5179 | D:5      | Found a stormy altar of Qazlal.
  5233 | D:5      | Found a shimmering blue altar of Sif Muna.
  5302 | D:5      | Reached skill level 5 in Spellcasting
  5510 | D:5      | Reached * piety under Sif Muna
  5751 | D:5      | Found Tiromm's Book Shoppe.
  5799 | D:5      | Reached skill level 1 in Translocations
  5893 | D:6      | Noticed Prince Ribbit
  6316 | D:6      | Noticed Sigmund
  6335 | D:6      | Killed Sigmund
  6336 | D:6      | Reached XP level 8. HP: 51/57 MP: 15/16
  6592 | D:6      | Killed Prince Ribbit
  7535 | D:7      | Found a glowing silver altar of Zin.
  7668 | D:8      | Found a hide-covered altar of Uskayaw.
  7671 | D:8      | Found a radiant altar of Vehumet.
  7683 | D:8      | Found a glowing golden altar of the Shining One.
  7689 | D:8      | Reached XP level 9. HP: 62/62 MP: 18/18
  7726 | D:8      | Found a bloodstained altar of Trog.
  7758 | D:8      | Found a sacrificial altar of Ru.
  7822 | D:8      | Reached ** piety under Sif Muna
  7829 | D:8      | Reached skill level 1 in Invocations
  7829 | D:8      | Reached skill level 1 in Evocations
  7928 | D:8      | Found a broken altar of Ashenzari.
  7940 | D:8      | Found a burning altar of Makhleb.
  8007 | D:8      | Reached skill level 5 in Dodging
  8076 | D:8      | Found a blossoming altar of Fedhas.
  9036 | D:9      | Reached skill level 5 in Translocations
  9472 | D:9      | Reached *** piety under Sif Muna
  9888 | D:9      | Found a shadowy altar of Dithmenos.
  9889 | D:9      | Noticed an oklob plant
 10080 | D:9      | Reached XP level 10. HP: 57/69 MP: 20/20
 10265 | D:10     | Entered Level 10 of the Dungeon
 10370 | D:10     | Noticed a two-headed ogre
 10377 | D:10     | Killed a two-headed ogre
 10496 | D:10     | Reached XP level 11. HP: 92/92 MP: 24/24
 10554 | D:10     | Noticed a tengu warrior
 10559 | D:10     | Killed a tengu warrior
 10926 | D:10     | Noticed an orc knight
 10934 | D:10     | Killed an orc knight
 11239 | D:10     | Noticed an ogre mage
 11240 | D:10     | Noticed a centaur warrior
 11244 | D:10     | Killed a centaur warrior
 11245 | D:10     | Reached skill level 10 in Spellcasting
 11248 | D:10     | Killed an ogre mage
 11249 | D:10     | Reached skill level 5 in Invocations
 11252 | D:10     | Reached **** piety under Sif Muna
 11932 | D:11     | Found a staircase to the Orcish Mines.
 12079 | D:11     | Reached skill level 1 in Shields
 12368 | D:11     | Found a staircase to the Lair.
 12368 | D:11     | Noticed an oklob plant
 12368 | D:11     | Noticed an oklob plant
 12375 | D:11     | Killed an oklob plant
 12445 | D:11     | Killed an oklob plant
 12447 | Lair:1   | Entered Level 1 of the Lair of Beasts
 12447 | Lair:1   | Noticed an eight-headed hydra
 12864 | Lair:1   | Reached XP level 12. HP: 82/100 MP: 26/26
 12871 | Lair:1   | Killed an eight-headed hydra
 13027 | Lair:1   | Reached skill level 1 in Transmutations
 13588 | Lair:1   | Reached skill level 10 in Conjurations
 14425 | Lair:2   | Reached ***** piety under Sif Muna
 14443 | Lair:2   | Found a frozen archway.
 14472 | IceCv    | Entered an ice cave
 14564 | IceCv    | Identified Sif Muna's Incunabulum of Psychosis (Sif Muna
                  | gifted it to you in an ice cave)
 14564 | IceCv    | Received a gift from Sif Muna
 15264 | IceCv    | Noticed an ice dragon
 15274 | IceCv    | Learned a level 4 spell: Fulminant Prism
 15277 | IceCv    | Noticed an ice dragon
 15291 | IceCv    | Killed an ice dragon
 15307 | IceCv    | Killed an ice dragon
 15308 | IceCv    | Reached skill level 5 in Shields
 15677 | IceCv    | Got a warped platinum ring
 15682 | IceCv    | Identified the ring of Opynerag {*Corrode rPois MP+9 Int+6
                  | Dex+3} (You found it in an ice cave)
 16223 | Lair:2   | Found a staircase to the Swamp.
 16646 | Lair:2   | Learned a level 2 spell: Ensorcelled Hibernation
 16652 | Lair:2   | Learned a level 5 spell: Blade Hands
 16988 | D:5      | Bought Baklei's Collected Works on Toxins and Ignition for
                  | 725 gold pieces
 16996 | D:5      | Learned a level 5 spell: Fireball
 17414 | Lair:3   | Reached skill level 1 in Hexes
 17414 | Lair:3   | Reached skill level 1 in Fire Magic
 17576 | Lair:3   | Noticed a four-headed hydra
 17588 | Lair:3   | Killed a four-headed hydra
 17589 | Lair:3   | Reached XP level 13. HP: 77/105 MP: 23/28
 17904 | Lair:3   | Found a hole to the Spider Nest.
 19490 | Lair:4   | Received a gift from Sif Muna
 19497 | Lair:4   | Learned a level 4 spell: Sticky Flame
 20188 | Lair:5   | Noticed a minotaur
 20196 | Lair:5   | Noticed Ypehuijo's ghost (journeyman OpFi)
 20300 | Lair:5   | Found a runed translucent gate.
 20300 | Lair:5   | Found a runed translucent gate.
 20300 | Lair:5   | Found a runed translucent gate.
 21176 | Lair:6   | Entered Level 6 of the Lair of Beasts
 21532 | Lair:6   | Found a viscous altar of Jiyva.
 21532 | Lair:6   | Found a staircase to the Slime Pits.
 22592 | Lair:6   | Reached skill level 5 in Fire Magic
 22592 | Lair:6   | Reached XP level 14. HP: 113/113 MP: 29/30
 23369 | Lair:6   | Got a glimmering quarterstaff
 23376 | Lair:6   | Identified the +6 quarterstaff "Cimege" {holy, Stlth+} (You
                  | found it on level 6 of the Lair of Beasts)
 23487 | Lair:5   | Upgraded the game from 0.26-a0-1033-gd598b01645 to
                  | 0.26-a0-1040-gbe3abf3417
 24347 | Lair:6   | Found a runed translucent gate.
 24348 | Lair:6   | Found a runed translucent gate.
 24349 | Lair:6   | Found a runed translucent gate.
 24351 | Lair:6   | Noticed dolemite99's ghost (journeyman HOGl)
 24351 | Lair:6   | Noticed pkoi's ghost (journeyman MiMo)
 25034 | D:11     | Noticed Erolcha
 25148 | D:12     | Identified Egoh's Grimoire of the Entrancing Entourage (Sif
                  | Muna gifted it to you on level 12 of the Dungeon)
 25148 | D:12     | Received a gift from Sif Muna
 25359 | Orc:1    | Entered Level 1 of the Orcish Mines
 25359 | Orc:1    | Noticed Nergalle
 25540 | D:11     | Killed Erolcha
 25784 | Orc:1    | Killed Nergalle
 26070 | Orc:1    | Noticed Urug
 26247 | Orc:1    | Killed Urug
 26392 | Orc:1    | Found Souff's Antique Weapon Shoppe.
 26406 | Orc:1    | Found Muhiwow's Antique Armour Shop.
 26436 | Orc:1    | Found Ybbuig's Assorted Antiques.
 26805 | Orc:2    | Entered Level 2 of the Orcish Mines
 27327 | Orc:2    | Reached skill level 5 in Transmutations
 27488 | Orc:2    | Received a gift from Sif Muna
 27897 | Orc:2    | Noticed an orc warlord
 27905 | Orc:2    | Killed an orc warlord
 28258 | Orc:2    | Paralysed by an orc sorcerer for 3 turns
 28528 | Orc:2    | Found Ymynnem's Antique Armour Shop.
 28528 | Orc:2    | Found Vethruaj's Assorted Antiques.
 28666 | Orc:2    | Found Fuaph's Magic Scroll Boutique.
 28667 | Orc:2    | Found Atestri's Assorted Antiques.
 28674 | Orc:2    | Bought a scroll of blinking for 82 gold pieces
 28677 | Orc:2    | Bought a scroll of teleportation for 75 gold pieces
 28682 | Orc:2    | Bought a scroll of identify for 22 gold pieces
 28682 | Orc:2    | Bought 2 scrolls of identify for 44 gold pieces
 28865 | Orc:2    | Found a staircase to the Elven Halls.
 29121 | Orc:2    | Found a roughly hewn altar of Beogh.
 29948 | D:12     | Noticed Azrael
 30718 | Swamp:1  | Entered Level 1 of the Swamp
 30873 | Elf:1    | Entered Level 1 of the Elven Halls
 31267 | D:12     | Noticed Josephine
 31875 | D:11     | Learned a level 7 spell: Spellforged Servitor
 32430 | Swamp:1  | Splashed by a goliath frog's acid

Illustrated notes

Levels and vault maps discovered:
D:1:      dpeg_arrival_prison, layout_rooms, minmay_rat_gold_closets
D:2:      cheibrodos_pilgrimage, layout_basic, cheibriados_altar_1
D:3:      layout_basic, general_overflow_altar
D:4:      kennysheep_slugbush, layout_rooms, marbit_many_paths,
          minmay_temple_entry_junction, portal_sewer_entry_a,
          serial_bayou_pond_a
D:5:      layout_loops_ring, kennysheep_mini_moat, serial_shops,
          nicolae_shop_waterfront, shop_fountains, shop, basic_altar,
          uniq_eustachio
D:6:      layout_basic, serial_bayou, serial_bayou_pond_b,
          serial_bayou_crossing, serial_bayou_pond_e, serial_bayou_pond_a,
          uniq_sigmund, uniq_prince_ribbit1
D:7:      layout_rooms, lemuel_doored_altar
D:8:      layout_basic, kennysheep_little_box, fedhas_altar_3,
          lemuel_round_altar, overflow_temple_1_default,
          grunt_temple_overflow_cloverleaf
D:9:      layout_basic, lemuel_oklob_altar
D:10:     minmay_the_grid_plus [minmay_the_grid_fan, minmay_the_grid_armoury,
          minmay_the_grid_small_cups, minmay_the_grid_plusring,
          minmay_the_grid_prize_inner_circle], layout_loops_corners
D:11:     layout_basic, dpeg_oklobed_lair, orc_0_dummy, uniq_erolcha
D:12:     layout_basic, uniq_josephine, uniq_azrael
D:13:     layout_irregular_city
Temple:   zaba_magenta_temple
Lair:1:   wander_river, layout_cave_pods
Lair:2:   layout_gridlike, minmay_swamp_entry_eels, portal_ice_cave_entry_imps
Lair:3:   layout_cave_pods, spider_nest_entry_webs
Lair:4:   layout_loops_ring, lemuel_fruit_fields, infiniplex_staircase_pool_2,
          minmay_lair_oklob_chamber
Lair:5:   layout_cave_pods, maelrawn_ghost_gauntlet_escape
Lair:6:   minmay_lair_end_frog_pond, layout_regular_city, slime_altar_1,
          gammafunk_ghost_cemetery, chequers_serial_rivers_room_b,
          gammafunk_lair_bear_cave
Swamp:1:  layout_falls_marsh, evilmike_swamp_ruin_house_4
Orc:1:    layout_caves, serial_shops, shop, shop, nicolae_shop_behind_doors,
          uniq_nergalle, uniq_urug
Orc:2:    st_orc_mages, layout_caves, david_defended_altar_orc
Elf:1:    layout_onion_city, portal_desolation_entry_twin_temple,
          minmay_elf_necromancy, minmay_misc_feat_five

Skill      XL: |  1  2  3  4  5  6  7  8  9 10 11 12 13 14 |
---------------+-------------------------------------------+-----
Dodging        | 2 3 4 5 6 |  6.7
Stealth        | 2 |  2.4
Conjurations   | 5 6 7 8 9 10 11 12 | 12.8
Spellcasting   | 3 4 5 6 7 9 10 11 12 | 12.9
Translocations | 2 4 5 7 |  7.1
Invocations    | 3 4 5 6 |  6.0
Evocations     | 3 |  3.0
Fighting       | 7 |  7.4
Shields        | 2 5 7 9 |  9.4
Transmutations | 4 6 |  6.3
Hexes          | 1 4 |  4.5
Fire Magic     | 1 5 6 |  6.0
Short Blades   | |  0.9
Summonings     | |  0.5

Action                   |  1- 3 |  4- 6 |  7- 9 | 10-12 | 13-15 || total
-------------------------+-------+-------+-------+-------+-------++-------
Melee: Short sword       |    31 |    18 |       |       |       ||    49
       Tailslap          |     1 |     4 |     1 |     1 |     2 ||     9
       Long sword        |       |     8 |       |       |       ||     8
       Staff             |       |       |     1 |    11 |    19 ||    31
 Cast: Magic Dart        |    33 |   188 |   170 |   100 |   104 ||   595
       Searing Ray       |     2 |    12 |    67 |    87 |   143 ||   311
       Dazzling Flash    |       |     2 |       |     3 |       ||     5
       Iskenderun's Myst |       |       |     3 |   100 |   166 ||   269
       Beastly Appendage |       |       |     1 |       |       ||     1
       Fulminant Prism   |       |       |       |     3 |     4 ||     7
       Fireball          |       |       |       |       |   126 ||   126
       Ensorcelled Hiber |       |       |       |       |     3 ||     3
Invok: Channel Magic     |       |       |       |     3 |     1 ||     4
Evoke: Wand              |       |       |       |       |     1 ||     1
  Use: Scroll            |     7 |     9 |     6 |    12 |    19 ||    53
       Potion            |       |       |       |     6 |     2 ||     8
 Stab: Sleeping          |       |     1 |       |       |       ||     1
Armor: Skin              |     6 |    13 |    20 |    49 |    87 ||   175
Dodge: Dodged            |    21 |    49 |    38 |    81 |   130 ||   319
Block: Buckler           |       |       |       |    21 |    50 ||    71
       Rpst.: Long sword |       |     9 |       |       |       ||     9

Table legend: (Time is in decaauts)
 A = Elapsed time spent in this place.
 B = Non-inter-level travel time spent in this place.
 C = Inter-level travel time spent in this place.
 D = Time resting spent in this place.
 E = Time spent auto-exploring this place.
 F = Levels seen in this place.
 G = Mean time per level.
                   A        B        C        D        E       F      G
               +--------+--------+--------+--------+--------+-----+--------+
         Total |  32671 |  30731 |   1940 |  12761 |  13118 |  26 | 1256.6 |
       Dungeon |  15429 |  14513 |    916 |   4744 |   7367 |  13 | 1186.8 |
        Temple |    150 |    150 |      0 |     43 |     40 |   1 |  150.0 |
          Lair |  11175 |  10286 |    889 |   4931 |   4058 |   6 | 1862.5 |
         Swamp |     23 |     23 |      0 |      0 |      0 |   1 |   23.0 |
  Orcish Mines |   3473 |   3339 |    134 |   1962 |    718 |   2 | 1736.5 |
   Elven Halls |     82 |     82 |      0 |     15 |      0 |   1 |   82.0 |
         Sewer |    902 |    902 |      0 |     99 |    700 |   1 |  902.0 |
      Ice Cave |   1434 |   1434 |      0 |    967 |    235 |   1 | 1434.0 |
               +--------+--------+--------+--------+--------+-----+--------+

Top non-repeatable levels by time:
  Lair:5: 2751 daAuts
    D:11: 2378 daAuts
  Lair:6: 2207 daAuts
    D:10: 2130 daAuts
  Lair:3: 2104 daAuts
   Orc:1: 1769 daAuts
   Orc:2: 1703 daAuts
  Lair:1: 1696 daAuts
  Lair:2: 1501 daAuts
     D:8: 1484 daAuts
   IceCv: 1434 daAuts
     D:9: 1305 daAuts
     D:6: 1188 daAuts
     D:2: 1185 daAuts
     D:5: 1115 daAuts
